 Dungeon Crawl Stone Soup version 0.27.0-1-g7a089689b8 (webtiles) character file.

Game seed: 14010615973558598820

315 Sin92 the Skirmisher (level 6, -2/48 HPs)
             Began as a Demonspawn Fighter on Aug 2, 2021.
             Killed by divine providence
             ... invoked by an orc priest
              (12 damage)
             ... on level 3 of the Dungeon.
             The game lasted 00:04:26 (2653 turns).

Sin92 the Skirmisher (Demonspawn Fighter)           Turns: 2653, Time: 00:04:27

Health: -2/48      AC: 11    Str: 18    XL:     6   Next: 19%
Magic:  6/6        EV:  5    Int:  9    God:
Gold:   42         SH:  9    Dex: 13    Spells: 5/5 levels left

rFire    . . .     SeeInvis .   a - +0 war axe
rCold    . . .     Faith    .   c - +0 kite shield
rNeg     . . .     Spirit   .   g - +1 chain mail
rPois    +         Reflect  .   (helmet restricted)
rElec    .         Harm     .   (no cloak)
rCorr    .         Rampage  .   o - +0 pair of gloves
Will     .....                  (no boots)
Stlth    ..........             (no amulet)
HPRegen  0.16/turn              m - ring of poison resistance
MPRegen  0.10/turn              (no ring)

@: no status effects
A: claws 1, horns 1, spiny 1
a: no special abilities


You were on level 3 of the Dungeon.
You visited 1 branch of the dungeon, and saw 3 of its levels.

You collected 42 gold pieces.

Inventory:

Hand Weapons
 a - a +0 war axe (weapon)
Missiles
 k - a throwing net (quivered)
Armour
 b - a +0 scale mail
 c - a +0 kite shield (worn)
 g - a +1 chain mail (worn)
 o - a +0 pair of gloves (worn)
Jewellery
 m - a ring of poison resistance (left hand)
Scrolls
 f - 3 scrolls of teleportation
 h - 2 scrolls of amnesia
 j - a scroll of identify
 l - a scroll of brand weapon
 n - a scroll of blinking {unknown}
 p - a scroll of noise {unknown}
Potions
 d - a potion of brilliance {unknown}
 e - a potion of berserk rage {unknown}
 i - 3 potions of lignification {unknown}


   Skills:
 + Level 3.9 Fighting
 * Level 3.7 Axes
 + Level 3.5 Armour
 + Level 2.1 Dodging
 + Level 3.5 Shields


You had 5 spell levels left.
You didn't know any spells.
Your spell library contained the following spells:

 Spells                   Type           Power      Damage    Failure   Level
 Inner Flame              Hex/Fire       0%         N/A       100%        3
 Cause Fear               Hex            0%         N/A       100%        4
 Discord                  Hex            0%         N/A       100%        8


Dungeon Overview and Level Annotations

Branches:
Dungeon (3/15)

Altars:
Zin


Innate Abilities, Weirdness & Mutations

You have sharp fingernails.
You have a pair of small horns on your head.
You are partially covered in sharp spines.


Message History

You hit the orc. x2
The ball python is struck by your spines.
You kill the ball python!
The orc priest miscasts a cantrip.
The orc hits you with a +0 flail. The orc barely misses you.
The orc priest invokes the aid of Beogh against you.
Beogh smites you!
There are monsters nearby!
You are too injured to fight recklessly!
Unknown command.
There are monsters nearby!
You are too injured to fight recklessly!
Unknown command.
There are monsters nearby!
You are too injured to fight recklessly!
Unknown command.
There are monsters nearby!
You are too injured to fight recklessly!
The orc closely misses you. The orc hits you with a +0 whip.
The orc priest hits you with a +0 dagger.
You barely miss the orc priest. You slash the orc!
You kill the orc!
You slash the orc!
You kill the orc!
You hit the orc but do no damage. The orc is struck by your spines.
You kill the orc!
You block the orc priest's attack.
You hit the orc priest but do no damage.
The orc priest invokes the aid of Beogh against you.
Beogh smites you!
* * * LOW HITPOINT WARNING * * *
The orc priest calls down the wrath of Beogh upon you.
You barely resist.
Unknown command.
You closely miss the orc priest. Your headbutt misses the orc priest.
The orc priest casts a cantrip, but nothing happens.
You barely miss the orc priest.
The orc priest calls down the wrath of Beogh upon you.
Beogh smites you!
You die...

##...#########
#.............
##...#.######
##.##.# #....#
#.#### ##'##
##...## #)@...#
#..))o...#
..........>..#
#
........[.....+
.
.####.........#
# ##.......##
##.....##
##...##


You could see an orc priest.

Vanquished Creatures
  Grinder (D:3)
  Robin (D:2)
  4 adders
  A worm (D:2)
  A dart slug (D:2)
  7 orcs (D:3)
  5 bats
  4 endoplasms
  12 goblins (D:2)
  6 hobgoblins
  4 jackals (D:2)
  A quokka (D:1)
  3 ball pythons
  A frilled lizard (D:1)
  5 kobolds
  4 rats (D:2)
60 creatures vanquished.

Notes
Turn   | Place    | Note
-------+----------+-------------------------------------------
     0 | D:1      | Sin92 the Demonspawn Fighter began the quest for the Orb.
     0 | D:1      | Reached XP level 1. HP: 18/18 MP: 1/1
   182 | D:1      | Found a faded altar of an unknown god.
   358 | D:1      | Gained mutation: You have a pair of small horns on your
                  | head. [demonic ancestry]
   358 | D:1      | Reached XP level 2. HP: 24/24 MP: 2/2
   925 | D:2      | Reached XP level 3. HP: 24/29 MP: 3/3
  1033 | D:2      | Reached skill level 1 in Dodging
  1091 | D:2      | Noticed Robin
  1097 | D:2      | Killed Robin
  1220 | D:2      | Reached XP level 4. HP: 20/35 MP: 4/4
  2284 | D:3      | Noticed Grinder
  2300 | D:3      | Killed Grinder
  2301 | D:3      | Gained mutation: You have sharp fingernails. [demonic
                  | ancestry]
  2301 | D:3      | Reached XP level 5. HP: 12/42 MP: 5/5
  2301 | D:3      | Gained mutation: You are partially covered in sharp spines.
                  | [demonic ancestry]
  2301 | D:3      | Reached XP level 6. HP: 14/48 MP: 6/6
  2653 | D:3      | Killed from afar by an orc priest

Illustrated notes

Levels and vault maps discovered:
D:1:      sevenhm_arrival_forest_fort_small_4, layout_basic,
          ebering_ecumenical_altar_hall, minmay_misc_feat_x, minmay_tetromino_l4
D:2:      layout_loops_cross, uniq_robin
D:3:      layout_loops_corners, mainiacjoe_overflow_24_doors, uniq_grinder

Skill      XL: |  1  2  3  4 |
---------------+-------------+-----
Axes           | 2 3 |  3.7
Dodging        | 1 2 |  2.1
Shields        | 3 |  3.5
Armour         | 3 |  3.5
Fighting       | |  3.9

Action                   |  1- 3 |  4- 6 || total
-------------------------+-------+-------++-------
Melee: War axe           |    90 |    88 ||   178
       Headbutt          |    12 |    12 ||    24
  Use: Scroll            |     4 |       ||     4
       Potion            |       |     2 ||     2
Armor: Chain mail        |    74 |    69 ||   143
       Scale mail        |     1 |       ||     1
Dodge: Dodged            |    28 |    26 ||    54
Block: Kite shield       |    65 |    50 ||   115
